 Dungeon Crawl Stone Soup version 0.31-a0-210-gccc998df9b (webtiles) character file.

Game seed: 10081359109413557100

249 bobo the Magician (level 5, -3/30 HPs)
             Began as a Deep Elf Hedge Wizard on June 29, 2023.
             Slain by a sky beast (6 damage)
             ... on level 5 of the Dungeon on June 30, 2023.
             The game lasted 00:10:23 (4291 turns).

bobo the Magician (Deep Elf Hedge Wizard)           Turns: 4291, Time: 00:10:25

Health: -3/30      AC:  2    Str:  6 (7)  XL:     5   Next: 86%
Magic:  10/15      EV: 12    Int: 20 (21) God:
Gold:   166        SH:  0    Dex: 13 (14) Spells: 7/15 levels left

rFire   . . .        l - +0 dagger (venom)
rCold   . . .        (no shield)
rNeg    . . .        b - +0 robe
rPois   .            c - +0 hat
rElec   .            (no cloak)
rCorr   .            (no gloves)
SInv    .            (no boots)
Will    .....        (no amulet)
Stlth   ++           (no ring)
HPRegen 0.25/turn    (no ring)
MPRegen 0.14/turn

%: no passive effects
@: on blink cooldown
A: no striking features
a: no special abilities


You were on level 5 of the Dungeon.
You visited 1 branch of the dungeon, and saw 5 of its levels.

You collected 166 gold pieces.

Inventory:

Hand Weapons
 l - a +0 dagger of venom (weapon)
Armour
 b - a +0 robe (worn)
 c - a +0 hat (worn)
Jewellery
 g - a ring of protection from cold
 o - an amulet of guardian spirit
 s - a ring of flight
Scrolls
 a - a scroll of fear {unknown}
 e - a scroll of revelation {unknown}
 f - 3 scrolls of teleportation {unknown}
 k - 2 scrolls of identify {unknown}
 m - a scroll of poison {unknown}
 q - a scroll of enchant weapon {unknown}
 r - a scroll of fog {unknown}
 t - a scroll of enchant armour {unknown}
Potions
 d - a potion of magic
 h - a potion of degeneration
 i - 2 potions of curing {unknown}
 j - a potion of enlightenment {unknown}
 n - a potion of lignification {unknown}
 p - a potion of brilliance {unknown}


   Skills:
 + Level 1.7 Fighting
 - Level 2.4 Dodging
 - Level 2.4 Stealth
 + Level 5.5 Spellcasting
 + Level 2.7 Conjurations
 + Level 2.9 Summonings
 - Level 2.0 Translocations
 + Level 1.5 Air Magic
 + Level 1.5 Poison Magic


You had 7 spell levels left.
You knew the following spells:

 Your Spells              Type           Power      Damage    Failure   Level
a - Magic Dart            Conj           64%        1d6       3%          1
c - Mephitic Cloud        Conj/Pois/Air  13%        N/A       14%         3
i - Call Imp              Summ           34%        N/A       4%          2
Z - Blink                 Tloc           26%        N/A       8%          2

Your spell library contained the following spells:

 Spells                   Type           Power      Damage    Failure   Level
 Momentum Strike          Conj/Tloc      30%        3d8       6%          2
 Static Discharge         Conj/Air       28%        2-4/arc   7%          2
 Slow                     Hex            20%        N/A       11%         1
 Cigotuvi's Dreadful Rot  Necr/Pois/Air  18%        N/A       11%         2
 Fireball                 Conj/Fire      5%         3d5       87%         5
 Plasma Beam              Fire/Air       4%         2x1d14    100%        6


Dungeon Overview and Level Annotations

Branches:
Dungeon (5/15)
 Temple: D:4-7

Altars:

Shops:
D:2 !


Message History

The spell is quite dangerous to miscast (14% risk of failure)!
Continue anyway?
Okay, then.
Unknown command.
The orc shouts!
You hear a shout! x2
You climb upwards.
There is a stone staircase leading down here.
There is a stone staircase leading down here.
You climb downwards.
Found a scroll labelled APYLOCKAOK and 18 gold pieces.
There is a stone staircase leading up here.
Unknown command.
The helpless sky beast fails to defend itself.
You puncture the sky beast!
The sky beast is poisoned.
The sky beast is moderately wounded.
The sky beast hits you. The sky beast shocks you.
Casting: Mephitic Cloud (quite dangerous; 14% risk of failure)
Confirm with . or Enter, or press ? or * to list all spells.
A tiny devil pulls itself out of the air.
The sky beast hits you. The sky beast shocks you.
Casting: Call Imp (safe; 4% risk of failure)
Confirm with . or Enter, or press ? or * to list all spells.
Aiming: Magic Dart (safe; 3% risk of failure)
Press: ? - help, Shift-Dir - straight line, f - sky beast
Aim: a sky beast (moderately wounded, very poisoned, ally target, 100% to hit)
The magic dart hits the sky beast but does no damage.
The sky beast is moderately wounded.
The sky beast hits you. The sky beast shocks you.
* * * LOW HITPOINT WARNING * * *
Your cerulean imp hits the sky beast with a -3 spear.
Casting: Magic Dart (safe; 3% risk of failure)
Confirm with . or Enter, or press ? or * to list all spells.
You blink.
Your cerulean imp closely misses the sky beast.
It was a potion of degeneration.
There was something very wrong with that liquid.
You feel weakened.
You feel dopey.
You feel clumsy. The sky beast hits you.
* * * LOW HITPOINT WARNING * * *
The sky beast shocks you.
You die...

.. ..
###.###
#.....#
#.....#
#.$...#
#.....#
#.@...#
#.Y..?#
#.....#
#.ยง5..#
#######


You could see a sky beast (very poisoned, ally target) and a friendly cerulean
imp (summoned).

Vanquished Creatures
  A jelly (D:4)
  An orc priest (D:3)
  An orc wizard (D:2)
  2 worms
  3 dart slugs
  3 orcs
  4 bats
  6 endoplasms
  6 giant cockroaches
  11 goblins
  9 hobgoblins
  3 jackals (D:3)
  A quokka (D:3)
  2 ball pythons
  A frilled lizard (D:2)
  8 kobolds
  2 rats
64 creatures vanquished.

Vanquished Creatures (collateral kills)
  An orc priest (D:2)
  An orc wizard (D:2)
  An adder (D:3)
  A worm (D:2)
  An orc (D:3)
  An endoplasm (D:4)
  5 goblins (D:2)
  A jackal (D:3)
  A quokka (D:4)
  A frilled lizard (D:2)
14 creatures vanquished.

Grand Total: 78 creatures vanquished

Notes
Turn   | Place    | Note
-------+----------+-------------------------------------------
     0 | D:1      | bobo the Deep Elf Hedge Wizard began the quest for the Orb.
     0 | D:1      | Reached XP level 1. HP: 10/10 MP: 7/7
   440 | D:1      | Reached XP level 2. HP: 15/15 MP: 7/9
   443 | D:1      | Learned a level 2 spell: Blink
   446 | D:1      | Learned a level 2 spell: Call Imp
  1264 | D:2      | Found Zeherrorph's Distillery.
  1500 | D:2      | Reached skill level 1 in Fighting
  1500 | D:2      | Reached XP level 3. HP: 20/20 MP: 6/11
  1527 | D:1      | Learned a level 3 spell: Mephitic Cloud
  1714 | D:2      | Reached skill level 5 in Spellcasting
  1714 | D:2      | Reached XP level 4. HP: 25/25 MP: 1/13
  2189 | D:2      | Reached skill level 1 in Air Magic
  2282 | D:2      | Reached XP level 5. HP: 29/29 MP: 10/14
  2359 | D:2      | Found a faded altar of an unknown god.
  2422 | D:3      | Reached skill level 1 in Poison Magic
  3611 | D:4      | Got the Volume of Damaging Flames
  4277 | D:5      | Entered Level 5 of the Dungeon
  4286 | D:5      | Noticed a sky beast
  4291 | D:5      | Slain by a sky beast

Illustrated notes

Levels and vault maps discovered:
D:1:      dpeg_arrival_three_same_balls, layout_basic
D:2:      cheibrodos_greedy_goblins, layout_rooms,
          shapermc_ecumenical_altar_flowoftime, serial_shops, shop
D:3:      layout_basic
D:4:      layout_loops_cross, kennysheep_generic_room_2
D:5:      layout_rooms, kennysheep_generic_room_11

Skill      XL: |  1  2  3  4  5 |
---------------+----------------+-----
Fighting       | 1 |  1.7
Conjurations   | 2 |  2.7
Summonings     | 2 |  2.9
Translocations | 2 |  2.0
Spellcasting   | 5 |  5.5
Air Magic      | 1 |  1.5
Poison Magic   | 1 |  1.5
Dodging        | |  2.4
Stealth        | |  2.4

Action                     |  1- 3 |  4- 6 || total
---------------------------+-------+-------++-------
  Melee: Dagger            |     7 |    33 ||    40
   Cast: Magic Dart        |    59 |    97 ||   156
         Call Imp          |     8 |     9 ||    17
         Mephitic Cloud    |     1 |     4 ||     5
         Blink             |       |     1 ||     1
    Use: Scroll            |       |     1 ||     1
         Potion            |       |     1 ||     1
   Stab: Distracted        |     1 |       ||     1
         Sleeping          |       |     1 ||     1
 Armour: Robe              |     3 |     7 ||    10
  Dodge: Dodged            |     6 |    27 ||    33

Table legend: (Time is in decaauts)
 A = Elapsed time spent in this place.
 B = Non-inter-level travel time spent in this place.
 C = Inter-level travel time spent in this place.
 D = Time resting spent in this place.
 E = Time spent auto-exploring this place.
 F = Levels seen in this place.
 G = Mean time per level.
                   A        B        C        D        E       F      G
               +--------+--------+--------+--------+--------+-----+--------+
         Total |   4290 |   4198 |     92 |      0 |   3624 |   5 |  858.0 |
       Dungeon |   4290 |   4198 |     92 |      0 |   3624 |   5 |  858.0 |
               +--------+--------+--------+--------+--------+-----+--------+

Top non-repeatable levels by time:
     D:2: 1238 daAuts
     D:1: 1155 daAuts
     D:3: 1099 daAuts
     D:4: 790 daAuts
     D:5: 6 daAuts
